| TOP OF THE 1ST |
|
Aberdeen Ironbirds batting - Pitching for Batavia Clippers : RHP Antonio Fadhel
|
|
Pitching: RHP Antonio Fadhel
|
|
|
Batting: RHB Dan Cataline
|
0-0: Called Strike 0-1: Foul Ball, location: 2F 0-2: Ball 1-2: Strikes out looking
|
|
Batting: RHB Arturo Leija
|
0-0: Ball 1-0: Called Strike 1-1: Ball 2-1: Swinging Strike 2-2: Strikes out swinging
|
|
Batting: SHB Nelson Simmons
|
0-0: Ground out 6-3 (Groundball, 56, EV 98.1 MPH)
|
| Top of the 1st over - 0 runs, 0 hits, 0 errors, 0 left on base; Aberdeen 0 - Batavia 0 |
| BOTTOM OF THE 1ST |
|
Batavia Clippers batting - Pitching for Aberdeen Ironbirds : RHP Miguel Diaz
|
|
Pitching: RHP Miguel Diaz
|
|
|
Batting: RHB Greg Tabor
|
0-0: Ball 1-0: Ball 2-0: Called Strike 2-1: Ball 3-1: Base on Balls
|
|
Batting: LHB Mark Bingham
|
0-0: Ball Greg Tabor steals 2nd base 1-0: Called Strike 1-1: Ground out 1-3 (Groundball, P, EV 65.0 MPH) Greg Tabor to third
|
|
Batting: RHB Glenn Carpenter
|
0-0: Ball 1-0: Called Strike 1-1: Foul Ball, location: 2F 1-2: Ball 2-2: Ball 3-2: Base on Balls
|
|
Batting: RHB Mickey Brantley
|
0-0: Called Strike 0-1: Called Strike 0-2: Foul Ball, location: 2F 0-2: Fly out, F6 (Popup, 15, EV 89.4 MPH)
|
|
Batting: LHB Mike Botkin
|
0-0: Ball 1-0: Called Strike 1-1: Foul Ball, location: 2F 1-2: Foul Ball, location: 2F 1-2: Ball 2-2: Ball 3-2: Reached on error, E4 (Groundball, 4, EV 87.5 MPH) Greg Tabor scores Glenn Carpenter to second
|
|
Batting: RHB Larry Kiesling
|
0-0: Ground out 6-3 (Groundball, 6M, EV 89.4 MPH)
|
| Bottom of the 1st over - 1 run, 0 hits, 1 error, 2 left on base; Aberdeen 0 - Batavia 1 |
| TOP OF THE 2ND |
|
Aberdeen Ironbirds batting - Pitching for Batavia Clippers : RHP Antonio Fadhel
|
|
Batting: RHB Victor Trujillo
|
0-0: Called Strike 0-1: Ball 1-1: Swinging Strike 1-2: Strikes out swinging
|
|
Batting: SHB Kurt Stillwell
|
0-0: Called Strike 0-1: Ground out U3 (Groundball, 34S, EV 91.3 MPH)
|
|
Batting: RHB Carlitos Lacerda
|
0-0: Foul Ball, location: 2F 0-1: Ball 1-1: SINGLE (Groundball, 6MD, EV 94.4 MPH)
|
|
Batting: RHB Harry Francis
|
0-0: Called Strike 0-1: Ball 1-1: Foul Ball, location: 2F 1-2: Ball 2-2: Ground out 6-3 (Groundball, 6M, EV 85.0 MPH)
|
| Top of the 2nd over - 0 runs, 1 hit, 0 errors, 1 left on base; Aberdeen 0 - Batavia 1 |
| BOTTOM OF THE 2ND |
|
Batavia Clippers batting - Pitching for Aberdeen Ironbirds : RHP Miguel Diaz
|
|
Batting: RHB Russ Stephans
|
0-0: Ball 1-0: Swinging Strike 1-1: Ground out 5-3 (Groundball, 56, EV 87.5 MPH)
|
|
Batting: RHB Jorge Gonzalez
|
0-0: Called Strike 0-1: Ball 1-1: Fly out, F7 (Flyball, 78M, EV 78.8 MPH)
|
|
Batting: RHB Mark Kuecker
|
0-0: Ball 1-0: Ball 2-0: Foul Ball, location: 2F 2-1: Foul Ball, location: 2F 2-2: Fly out, F8 (Flyball, 8LS, EV 85.0 MPH)
|
| Bottom of the 2nd over - 0 runs, 0 hits, 0 errors, 0 left on base; Aberdeen 0 - Batavia 1 |
| TOP OF THE 3RD |
|
Aberdeen Ironbirds batting - Pitching for Batavia Clippers : RHP Antonio Fadhel
|
|
Batting: RHB Craig Kornfeld
|
0-0: Foul Ball, location: 2F 0-1: Called Strike 0-2: Ball 1-2: Foul Ball, location: 2F 1-2: Ball 2-2: Strikes out swinging, 2-3 out at first.
|
|
Batting: RHB Ric Wilson
|
0-0: Called Strike 0-1: Ball 1-1: Ball 2-1: Fly out, F8 (Line Drive, 8LD, EV 95.0 MPH)
|
|
Batting: RHB Dan Cataline
|
0-0: Ball 1-0: Fly out, F7 (Flyball, 7, EV 75.0 MPH)
|
| Top of the 3rd over - 0 runs, 0 hits, 0 errors, 0 left on base; Aberdeen 0 - Batavia 1 |
| BOTTOM OF THE 3RD |
|
Batavia Clippers batting - Pitching for Aberdeen Ironbirds : RHP Miguel Diaz
|
|
Batting: RHB Greg Tabor
|
0-0: Hit by Pitch
|
|
Batting: LHB Mark Bingham
|
0-0: Ball 1-0: Called Strike 1-1: Ball 2-1: Called Strike 2-2: Ball 3-2: Fly out, F4 (Popup, 23, EV 80.6 MPH)
|
|
Batting: RHB Glenn Carpenter
|
0-0: Ball 1-0: Fly out, F7 (Flyball, 7, EV 91.3 MPH)
|
|
Batting: RHB Mickey Brantley
|
0-0: Ball Greg Tabor steals 2nd base 1-0: Called Strike 1-1: Called Strike 1-2: SINGLE (Flyball, 9S, EV 92.5 MPH) Greg Tabor to third Runner from 3rd tries for Home, SAFE, throw by RF to home
|
|
Batting: LHB Mike Botkin
|
0-0: Ground out 1-3 (Groundball, 13S, EV 65.6 MPH)
|
| Bottom of the 3rd over - 1 run, 1 hit, 0 errors, 1 left on base; Aberdeen 0 - Batavia 2 |
| TOP OF THE 4TH |
|
Aberdeen Ironbirds batting - Pitching for Batavia Clippers : RHP Antonio Fadhel
|
|
Batting: RHB Arturo Leija
|
0-0: Foul Ball, location: 2F 0-1: Foul Ball, location: 2F 0-2: Ball 1-2: Foul Ball, location: 2F 1-2: Ball 2-2: Ball 3-2: SINGLE (Line Drive, 7S, EV 100.6 MPH)
|
|
Batting: SHB Nelson Simmons
|
0-0: Ball 1-0: Ball 2-0: Ball 3-0: Called Strike 3-1: Base on Balls Arturo Leija to second
|
|
Batting: RHB Victor Trujillo
|
0-0: Ball 1-0: Fielders Choice at 2nd, 4-6 (Groundball, 4, EV 84.4 MPH) Arturo Leija to third
|
|
Batting: SHB Kurt Stillwell
|
0-0: Ball 1-0: Called Strike 1-1: Called Strike 1-2: Ball 2-2: Ball 3-2: Foul Ball, location: 2F 3-2: Strikes out swinging
|
|
Batting: RHB Carlitos Lacerda
|
0-0: Foul Ball, location: 2F 0-1: SINGLE (Groundball, 5D, EV 105.0 MPH) Arturo Leija scores Victor Trujillo to second
|
|
Batting: RHB Harry Francis
|
0-0: Swinging Strike 0-1: Foul Ball, location: 2F 0-2: Strikes out swinging
|
| Top of the 4th over - 1 run, 2 hits, 0 errors, 2 left on base; Aberdeen 1 - Batavia 2 |
| BOTTOM OF THE 4TH |
|
Batavia Clippers batting - Pitching for Aberdeen Ironbirds : RHP Miguel Diaz
|
|
Batting: RHB Larry Kiesling
|
0-0: Ball 1-0: Fly out, F7 (Line Drive, 7D, EV 88.1 MPH)
|
|
Batting: RHB Russ Stephans
|
0-0: Swinging Strike 0-1: Ball 1-1: Ball 2-1: Ball 3-1: Foul Ball, location: 2F 3-2: Base on Balls
|
|
Batting: RHB Jorge Gonzalez
|
0-0: Ball 1-0: Ball 2-0: Called Strike 2-1: Foul Ball, location: 2F 2-2: Foul Ball, location: 2F 2-2: Ball 3-2: Base on Balls Russ Stephans to second
|
|
Batting: RHB Mark Kuecker
|
0-0: Swinging Strike 0-1: Called Strike 0-2: Strikes out swinging
|
|
Batting: RHB Greg Tabor
|
0-0: Called Strike 0-1: Ball 1-1: Swinging Strike 1-2: Ball 2-2: Foul Ball, location: 2F 2-2: Ball 3-2: SINGLE (Line Drive, 34D, EV 95.0 MPH) Russ Stephans to third Jorge Gonzalez to second Russ Stephans scores Jorge Gonzalez to third
|
|
Batting: LHB Mark Bingham
|
0-0: Ball 1-0: Foul Ball, location: 2F 1-1: Swinging Strike 1-2: Strikes out swinging
|
| Bottom of the 4th over - 1 run, 1 hit, 0 errors, 2 left on base; Aberdeen 1 - Batavia 3 |
| TOP OF THE 5TH |
|
Aberdeen Ironbirds batting - Pitching for Batavia Clippers : RHP Antonio Fadhel
|
|
Batting: RHB Craig Kornfeld
|
0-0: Called Strike 0-1: Called Strike 0-2: Ball 1-2: Ball 2-2: Fly out, F9 (Flyball, 9LD, EV 107.5 MPH)
|
|
Batting: RHB Ric Wilson
|
0-0: Called Strike 0-1: Ball 1-1: Called Strike 1-2: Foul Ball, location: 2F 1-2: SINGLE (Groundball, 6MD, EV 95.0 MPH)
|
|
Batting: RHB Dan Cataline
|
0-0: Called Strike 0-1: Ball 1-1: Ball 2-1: Ball 3-1: Swinging Strike 3-2: Foul Ball, location: 2F 3-2: Strikes out swinging
|
|
Batting: RHB Arturo Leija
|
0-0: Ball 1-0: DOUBLE (Line Drive, 9LS, EV 96.9 MPH) Ric Wilson to third Runner from 3rd tries for Home, SAFE, throw by RF to trailing runner, SAFE at third!
|
|
Batting: SHB Nelson Simmons
|
0-0: Swinging Strike 0-1: Ball 1-1: Ball 2-1: Ball 3-1: Base on Balls
|
|
Batting: RHB Victor Trujillo
|
0-0: Fly out, F8 (Flyball, 8LD, EV 76.9 MPH)
|
| Top of the 5th over - 1 run, 2 hits, 0 errors, 2 left on base; Aberdeen 2 - Batavia 3 |
| BOTTOM OF THE 5TH |
|
Batavia Clippers batting - Pitching for Aberdeen Ironbirds : RHP Miguel Diaz
|
|
Batting: RHB Glenn Carpenter
|
0-0: Foul Ball, location: 2F 0-1: Foul Ball, location: 2F 0-2: Strikes out swinging
|
|
Batting: RHB Mickey Brantley
|
0-0: DOUBLE (Line Drive, 3D, EV 98.1 MPH)
|
|
Batting: LHB Mike Botkin
|
0-0: Foul Ball, location: 2F 0-1: Foul Ball, location: 2F 0-2: Ball 1-2: Ball 2-2: Ball 3-2: Foul Ball, location: 2F 3-2: Foul Ball, location: 2F 3-2: Base on Balls
|
|
Batting: RHB Larry Kiesling
|
0-0: Ball 1-0: Ball 2-0: Swinging Strike 2-1: Grounds into double play, 6-4-3 (Groundball, 56, EV 111.9 MPH)
|
| Bottom of the 5th over - 0 runs, 1 hit, 0 errors, 1 left on base; Aberdeen 2 - Batavia 3 |
| TOP OF THE 6TH |
|
Aberdeen Ironbirds batting - Pitching for Batavia Clippers : RHP Antonio Fadhel
|
|
Batting: SHB Kurt Stillwell
|
0-0: Swinging Strike 0-1: Swinging Strike 0-2: Strikes out swinging, 2-3 out at first.
|
|
Batting: RHB Carlitos Lacerda
|
0-0: Ball 1-0: Foul Ball, location: 2F 1-1: Ball 2-1: Ball 3-1: Base on Balls
|
|
Batting: RHB Harry Francis
|
0-0: Called Strike 0-1: Called Strike 0-2: Fly out, F3 (Popup, 3S, EV 70.0 MPH)
|
|
Batting: RHB Craig Kornfeld
|
0-0: Ball 1-0: Ground out 4-3 (Groundball, 4, EV 89.4 MPH)
|
| Top of the 6th over - 0 runs, 0 hits, 0 errors, 1 left on base; Aberdeen 2 - Batavia 3 |
| BOTTOM OF THE 6TH |
|
Batavia Clippers batting - Pitching for Aberdeen Ironbirds : RHP Miguel Diaz
|
|
Batting: RHB Russ Stephans
|
0-0: Ball 1-0: Ball 2-0: Ball 3-0: Called Strike 3-1: Base on Balls
|
|
Batting: RHB Jorge Gonzalez
|
0-0: Sac Bunt to 2R - play at first, batter OUT! 2-4 Russ Stephans to second
|
|
Batting: RHB Mark Kuecker
|
0-0: Ball 1-0: Ground out 6-3 (Groundball, 6, EV 80.6 MPH)
|
|
Batting: RHB Greg Tabor
|
0-0: Ball 1-0: Called Strike 1-1: Ball 2-1: Foul Ball, location: 2F 2-2: Fly out, F5 (Popup, 56, EV 72.5 MPH)
|
| Bottom of the 6th over - 0 runs, 0 hits, 0 errors, 1 left on base; Aberdeen 2 - Batavia 3 |
| TOP OF THE 7TH |
|
Aberdeen Ironbirds batting - Pitching for Batavia Clippers : RHP Antonio Fadhel
|
|
Batting: RHB Ric Wilson
|
0-0: Ground out 3-1 (Groundball, 34S, EV 80.0 MPH)
|
|
Batting: RHB Dan Cataline
|
0-0: Called Strike 0-1: Ball 1-1: Foul Ball, location: 2F 1-2: Foul Ball, location: 2F 1-2: Foul Ball, location: 2F 1-2: Ball 2-2: Foul Ball, location: 2F 2-2: Ball 3-2: Foul Ball, location: 2F 3-2: Foul Ball, location: 2F 3-2: Base on Balls
|
|
Batting: RHB Arturo Leija
|
0-0: Ball 1-0: Foul Ball, location: 2F 1-1: Ball 2-1: Fly out, F7 (Line Drive, 7, EV 96.3 MPH)
|
|
Batting: SHB Nelson Simmons
|
0-0: Called Strike Dan Cataline steals 2nd base (no throw) 0-1: Ball 1-1: Ball 2-1: Ball 3-1: Swinging Strike 3-2: Base on Balls
|
|
Batting: RHB Victor Trujillo
|
0-0: Ball 1-0: Foul Ball, location: 2F 1-1: Ball 2-1: Foul Ball, location: 2F 2-2: Ground out 5-3 (Groundball, 56S, EV 74.4 MPH)
|
| Top of the 7th over - 0 runs, 0 hits, 0 errors, 2 left on base; Aberdeen 2 - Batavia 3 |
| BOTTOM OF THE 7TH |
|
Batavia Clippers batting - Pitching for Aberdeen Ironbirds : RHP Miguel Diaz
|
|
Batting: LHB Mark Bingham
|
0-0: Fly out, F7 (Flyball, 7S, EV 89.4 MPH)
|
|
Batting: RHB Glenn Carpenter
|
0-0: Foul Ball, location: 2F 0-1: Swinging Strike 0-2: Fly out, F9 (Flyball, 89M, EV 93.8 MPH)
|
|
Batting: RHB Mickey Brantley
|
0-0: Called Strike 0-1: Ball 1-1: SINGLE (Flyball, 56D, EV 92.5 MPH)
|
|
Batting: LHB Mike Botkin
|
0-0: Ball 1-0: Foul Ball, location: 2F 1-1: Foul Ball, location: 2F 1-2: Ball 2-2: Ball 3-2: Base on Balls Mickey Brantley to second
|
|
Batting: RHB Larry Kiesling
|
0-0: Called Strike 0-1: Foul Ball, location: 2F 0-2: Strikes out swinging
|
| Bottom of the 7th over - 0 runs, 1 hit, 0 errors, 2 left on base; Aberdeen 2 - Batavia 3 |
| TOP OF THE 8TH |
|
Aberdeen Ironbirds batting - Pitching for Batavia Clippers : RHP Antonio Fadhel
|
|
Batting: SHB Kurt Stillwell
|
0-0: Ball 1-0: Ground out 5-3 (Groundball, 5, EV 85.6 MPH)
|
|
Batting: RHB Carlitos Lacerda
|
0-0: Ball 1-0: Ground out U3 (Groundball, 3L, EV 108.8 MPH)
|
|
Batting: RHB Harry Francis
|
0-0: Called Strike 0-1: Ball 1-1: Foul Ball, location: 2F 1-2: Ball 2-2: Strikes out swinging
|
| Top of the 8th over - 0 runs, 0 hits, 0 errors, 0 left on base; Aberdeen 2 - Batavia 3 |
| BOTTOM OF THE 8TH |
|
Batavia Clippers batting - Pitching for Aberdeen Ironbirds : RHP Miguel Diaz
|
|
Batting: RHB Russ Stephans
|
0-0: Swinging Strike 0-1: Ball 1-1: Ball 2-1: Ball 3-1: Foul Ball, location: 2F 3-2: Ground out 5-3 (Groundball, 56, EV 79.4 MPH)
|
|
Batting: RHB Jorge Gonzalez
|
0-0: Called Strike 0-1: Ball 1-1: Foul Ball, location: 2F 1-2: SINGLE (Line Drive, 7S, EV 98.1 MPH)
|
|
Batting: RHB Mark Kuecker
|
0-0: Called Strike 0-1: Ball 1-1: Called Strike 1-2: Ball 2-2: Ball 3-2: TRIPLE (Line Drive, 78XD, EV 110.0 MPH) Jorge Gonzalez scores
|
|
Batting: RHB Greg Tabor
|
0-0: Ball Wild Pitch! Mark Kuecker scores 1-0: Ball 2-0: SINGLE (Line Drive, 89S, EV 111.3 MPH)
|
|
Batting: LHB Mark Bingham
|
0-0: Swinging Strike 0-1: Ball 1-1: Ball 2-1: Swinging Strike 2-2: Ball 3-2: Ground out 5-3 (Groundball, 56D, EV 78.8 MPH) Greg Tabor to second
|
|
Pitching: RHP Bill C Johnson
|
|
|
Batting: RHB Glenn Carpenter
|
0-0: Called Strike 0-1: Ball 1-1: Ball 2-1: SINGLE (Groundball, P, EV 91.3 MPH) (infield hit) Greg Tabor to third
|
|
Batting: RHB Mickey Brantley
|
0-0: Ball Glenn Carpenter steals 2nd base 1-0: Ball 2-0: Ball 3-0: Called Strike 3-1: Foul Ball, location: 2F 3-2: Base on Balls
|
|
Batting: LHB Mike Botkin
|
0-0: Called Strike 0-1: Ball 1-1: Foul Ball, location: 2F 1-2: Ball 2-2: Ball 3-2: Base on Balls Greg Tabor scores Glenn Carpenter to third Mickey Brantley to second
|
|
Batting: RHB Larry Kiesling
|
0-0: Ball 1-0: Ball 2-0: Swinging Strike 2-1: Foul Ball, location: 2F 2-2: Strikes out swinging
|
| Bottom of the 8th over - 3 runs, 4 hits, 0 errors, 3 left on base; Aberdeen 2 - Batavia 6 |
| TOP OF THE 9TH |
|
Aberdeen Ironbirds batting - Pitching for Batavia Clippers : RHP Antonio Fadhel
|
|
Batting: RHB Craig Kornfeld
|
0-0: Called Strike 0-1: Ground out 1-3 (Groundball, 15S, EV 67.5 MPH)
|
|
Batting: RHB Ric Wilson
|
0-0: Ball 1-0: Foul Ball, location: 2F 1-1: DOUBLE (Flyball, 78D, EV 101.3 MPH)
|
|
Batting: RHB Dan Cataline
|
0-0: Ball 1-0: Called Strike 1-1: Foul Ball, location: 2F 1-2: Foul Ball, location: 2F 1-2: Strikes out swinging
|
|
Batting: RHB Arturo Leija
|
0-0: Swinging Strike 0-1: Ball 1-1: Foul Ball, location: 2F 1-2: Ball 2-2: Ball 3-2: Strikes out looking
|
| Top of the 9th over - 0 runs, 1 hit, 0 errors, 1 left on base; Aberdeen 2 - Batavia 6 |
|